 Dungeon Crawl Stone Soup version 0.21.1-1-g345015f (webtiles) character file.

28 grindst0ne the Skirmisher (level 3, 0/30 HPs)
             Began as a Formicid Fighter on Feb 24, 2018.
             Was an Initiate of the Shining One.
             Slain by an adder (1 damage)
             ... on level 2 of the Dungeon.
             The game lasted 00:01:36 (797 turns).

grindst0ne the Skirmisher (Formicid Fighter)         Turns: 797, Time: 00:01:37

Health: 0/30       AC:  8    Str: 25    XL:     3   Next: 30%
Magic:  3/3        EV:  8    Int:  8    God:    the Shining One [......]
Gold:   45         SH:  9    Dex: 10    Spells: 2/2 levels left

rFire    . . .     SeeInvis +   a - +0 war axe
rCold    . . .     Gourm    .   c - +0 shield
rNeg     . . .     Faith    .   b - +0 scale mail
rPois    .         Spirit   .   (helmet unavailable)
rElec    .         Reflect  .   (no cloak)
rCorr    .         Harm     .   (no gloves)
MR       .....                  l - +0 pair of boots
Stlth    ..........             (no amulet)
HPRegen  0.10/turn              (no ring)
MPRegen  0.08/turn              (no ring)

@: mighty, lethally poisoned (0 -> -8), glowing
A: permanent stasis, dig shafts and tunnels, four strong arms, antennae 3
a: Dig, Shaft Self, Renounce Religion


You were on level 2 of the Dungeon.
You worshipped the Shining One.
The Shining One was noncommittal.
You were not hungry.

You visited 1 branch of the dungeon, and saw 2 of its levels.

You collected 45 gold pieces.

Inventory:

Hand Weapons
 a - a +0 war axe (weapon)
Armour
 b - a +0 scale mail (worn)
 c - a +0 shield (worn)
 l - a +0 pair of boots (worn)
Jewellery
 h - a +3 ring of dexterity
Scrolls
 e - a scroll of identify
 g - a scroll of remove curse {unknown}
 i - a scroll of fog {unknown}
 k - a scroll of amnesia {unknown}
Comestibles
 f - 3 rations


   Skills:
 + Level 3.9 Fighting
 + Level 2.7 Axes
 - Level 3.2 Armour
 - Level 3.6 Shields
 + Level 0.9 Invocations


You had 2 spell levels left.
You didn't know any spells.

Dungeon Overview and Level Annotations

Branches:
Dungeon (2/15)

Altars:
The Shining One


Innate Abilities, Weirdness & Mutations

You cannot be hasted, slowed, berserked, paralysed or teleported.
You can dig through walls and to a lower floor.
Your four strong arms can wield two-handed weapons with a shield.
You have a pair of large antennae on your head. (SInv)


Message History

You miss the bat. The bat barely misses you. You block the bat's attack.
The bat barely misses you. The goblin hits you but does no damage.
You block the bat's attack.
You slash the goblin!
You kill the goblin!
You closely miss the bat.
* * * LOW HITPOINT WARNING * * *
You feel sick. The bat hits you but does no damage.
The adder bites you but does no damage.
You closely miss the adder. You barely miss the bat. The bat misses you.
The bat barely misses you. The adder bites you.
* * * LOW HITPOINT WARNING * * *
You are more poisoned.
The adder poisons you! You block the adder's attack.
Your shield and scale mail prevent you from hitting the adder.
You hit the bat.
You kill the bat!
* * * LOW HITPOINT WARNING * * *
You feel sick. The adder barely misses you. The adder bites you.
You die...

#.........
#.l.......
#####S........
...##........
###.#(.K....##
#...(.#######
#...##..†..#####
...########.KlS.#
. #....# #####@##
#....# #..# #....#
##.## #....# #..#
#....#########.###
#...........##...#
#....######......#
#.<..# ########
#....#


You could see an adder, a leopard gecko and a kobold.

Vanquished Creatures
  An adder (D:2)
  2 leopard geckos (D:1)
  A giant cockroach (D:2)
  4 goblins
  2 hobgoblins (D:1)
  A ball python (D:1)
  3 bats
  2 kobolds (D:1)
  2 rats
18 creatures vanquished.

Notes
Turn   | Place    | Note
-------+----------+-------------------------------------------
     0 | D:1      | grindst0ne the Formicid Fighter began the quest for the Orb.
     0 | D:1      | Reached XP level 1. HP: 18/18 MP: 1/1
   117 | D:1      | Reached XP level 2. HP: 23/24 MP: 2/2
   213 | D:1      | Found a glowing golden altar of the Shining One.
   352 | D:1      | Became a worshipper of the Shining One
   786 | D:2      | Reached XP level 3. HP: 8/30 MP: 3/3
   797 | D:2      | HP: 1/30 [poisoned by an adder]
   797 | D:2      | Slain by an adder

Action                   || total
-------------------------++-------
Melee: War axe           ||    54
  Use: Potion            ||     1
       Scroll            ||     1
Armor: Scale mail        ||    31
Dodge: Dodged            ||    27
Block: Shield            ||    47
